 Dungeon Crawl Stone Soup version 0.28-a0-1616-g050a50673c (webtiles) character file.

Game seed: 17546036885819317815

840 a3don the Gusty (level 8, -6/45 HPs)
             Began as a Tengu Air Elementalist on Jan 22, 2022.
             Mangled by an ogre (30 damage)
             ... on level 5 of the Dungeon.
             The game lasted 00:12:46 (4667 turns).

a3don the Gusty (Tengu Air Elementalist)            Turns: 4667, Time: 00:12:47

Health: -6/45      AC:  2    Str: 10    XL:     8   Next: 0%
Magic:  10/14      EV: 16    Int: 23    God:
Gold:   179        SH:  0    Dex: 14    Spells: 5/14 levels left

rFire   . . .      SeeInvis .   d - +0 short sword
rCold   . . .      Faith    .   (no shield)
rNeg    + . .      Spirit   .   a - +0 robe
rPois   .          Reflect  .   (helmet restricted)
rElec   .          Harm     .   (no cloak)
rCorr   .          Rampage  .   (no gloves)
Will    .....                   (boots unavailable)
Stlth   ++........              m - amulet of regeneration
HPRegen 0.95/turn               o - ring of positive energy
MPRegen 0.14/turn               s - +6 ring of intelligence

@: flying quickly and evasively, quick
A: beak, talons 3, nimble flight
a: no special abilities


You were on level 5 of the Dungeon.
You visited 1 branch of the dungeon, and saw 5 of its levels.

You collected 179 gold pieces.

Inventory:

Hand Weapons
 c - a +0 club
 d - a +0 short sword (weapon)
Missiles
 e - 90 stones
 p - 4 poisoned darts
Armour
 a - a +0 robe (worn)
Jewellery
 k - an amulet of the acrobat
 m - an amulet of regeneration (around neck)
 o - a ring of positive energy (left hand)
 s - a +6 ring of intelligence (right hand)
Wands
 q - a wand of iceblast (20)
 r - a wand of mindburst (12)
 t - a wand of acid (19)
 y - a wand of paralysis (8)
Scrolls
 b - 7 scrolls of identify {unknown}
 f - a scroll of amnesia {unknown}
 h - a scroll of fog {unknown}
 l - 2 scrolls of immolation {unknown}
 n - a scroll of fear {unknown}
 w - a scroll of noise {unknown}
 x - a scroll of holy word {unknown}
Potions
 g - a potion of cancellation {unknown}
 i - 2 potions of attraction {unknown}
 j - a potion of curing
 u - a potion of brilliance {unknown}
 v - a potion of mutation {unknown}
 z - a potion of heal wounds {unknown}
 A - a potion of lignification {unknown}


   Skills:
 + Level 2.4 Fighting
 + Level 4.6 Dodging
 - Level 2.0 Stealth
 + Level 3.8 Spellcasting
 + Level 5.0 Conjurations
 + Level 1.4 Translocations
 * Level 7.2 Air Magic


You had 5 spell levels left.
You knew the following spells:

 Your Spells              Type           Power      Damage    Failure   Level
a - Shock                 Conj/Air       100%       1d9       1%          1
b - Static Discharge      Conj/Air       32%        N/A       1%          2
c - Airstrike             Air            18%        N/A       5%          4
d - Blink                 Tloc           20%        N/A       9%          2

Your spell library contained the following spells:

 Spells                   Type           Power      Damage    Failure   Level
 Swiftness                Air            37%        N/A       1%          3
 Lesser Beckoning         Tloc           10%        N/A       19%         3
 Hailstorm                Conj/Ice       15%        3d5       36%         4
 Ice Form                 Ice/Tmut       4%         N/A       71%         4
 Manifold Assault         Tloc           10%        N/A       86%         5
 Simulacrum               Ice/Necr       2%         N/A       100%        6


Dungeon Overview and Level Annotations

Branches:
Dungeon (5/15)
 Temple: D:4-7

Altars:
Ru


Innate Abilities, Weirdness & Mutations

You have a beak for a mouth.
You have claws for feet.
Your magical nature lets you fly swiftly and evasively.


Message History

The black bear is struck by an arc of lightning.
The black bear is heavily wounded.
You are struck by an arc of lightning.
The black bear is struck by an arc of lightning.
The black bear is severely wounded.
The lightning grounds out.
The black bear goes berserk!
Casting: Static Discharge (safe; 1% risk of failure)
Confirm with . or Enter, or press ? or * to list all spells.
The black bear is struck by an arc of lightning!
The black bear is almost dead.
You are struck by an arc of lightning.
The black bear is struck by an arc of lightning.
You kill the black bear!
You are struck by an arc of lightning.
The lightning grounds out.
Your Conjurations skill increases to level 5!
You have reached level 8!
You feel stronger.
You start resting.
HP restored.
You start resting.
Magic restored.
You fly downwards.
The ogre hits you with a +0 giant club!!
There is a stone staircase leading up, spattered with blood here.
Casting: Static Discharge (safe; 1% risk of failure)
Confirm with . or Enter, or press ? or * to list all spells.
The ogre is struck by an arc of lightning!
The ogre is moderately wounded.
You are struck by an arc of lightning.
The ogre is struck by an arc of lightning.
The ogre is heavily wounded.
The lightning grounds out.
The ogre closely misses you.
Casting: Static Discharge (safe; 1% risk of failure)
Confirm with . or Enter, or press ? or * to list all spells.
The ogre is struck by an arc of lightning.
The ogre is severely wounded.
You are struck by an arc of lightning.
The lightning grounds out.
The ogre hits you with a +0 giant club!!
Ouch! That really hurt!
You die...

#.# #...# #.#
##### #.# #.#
#### ###.###
#.. #.....#
#.#
#.###.###.##
#. #......###
# #...O@...#
.....###..#.#
#.#### #..#.#
# #..#.#
......
##.....
......#
##.#.## .....


You could see an ogre.

Vanquished Creatures
  Eustachio (D:5)
  An ice beast (D:4)
  A black bear (D:4)
  An ogre (D:4)
  A scorpion (D:5)
  A jelly (D:5)
  Jessica (D:2)
  A bullfrog skeleton (D:5)
  Ijyb (D:3)
  2 iguanas
  2 scorpion zombies
  3 gnolls (D:2)
  5 adders
  A worm (D:2)
  A dart slug (D:1)
  12 endoplasms
  4 giant cockroaches
  7 goblins
  10 hobgoblins
  5 kobolds
  8 quokkas
  9 ball pythons
  9 bats
  4 frilled lizards (D:1)
  3 rats
94 creatures vanquished.

Vanquished Creatures (others)
  6 plants
6 creatures vanquished.

Grand Total: 100 creatures vanquished

Notes
Turn   | Place    | Note
-------+----------+-------------------------------------------
     0 | D:1      | a3don the Tengu Air Elementalist began the quest for the
                  | Orb.
     0 | D:1      | Reached XP level 1. HP: 10/10 MP: 4/4
   356 | D:1      | Reached XP level 2. HP: 15/15 MP: 4/6
   572 | D:1      | Learned a level 2 spell: Static Discharge
   754 | D:1      | Reached XP level 3. HP: 19/19 MP: 2/7
  1239 | D:2      | Reached XP level 4. HP: 1/24 MP: 1/8
  1563 | D:2      | Noticed Jessica
  1565 | D:2      | Killed Jessica
  1736 | D:2      | Reached skill level 5 in Air Magic
  1874 | D:2      | Gained mutation: Your magical nature lets you fly swiftly
                  | and evasively. [Tengu growth]
  1874 | D:2      | Reached XP level 5. HP: 28/28 MP: 5/10
  2073 | D:2      | Found a faded altar of an unknown god.
  2180 | D:2      | Learned a level 4 spell: Airstrike
  2481 | D:3      | Noticed Ijyb
  2548 | D:3      | Killed Ijyb
  3185 | D:4      | Reached skill level 1 in Fighting
  3185 | D:4      | Reached XP level 6. HP: 20/34 MP: 6/11
  3404 | D:4      | Learned a level 2 spell: Blink
  3624 | D:4      | Found a sacrificial altar of Ru.
  3723 | D:4      | Noticed an ice beast
  3729 | D:4      | Killed an ice beast
  3730 | D:4      | Reached skill level 6 in Air Magic
  3730 | D:4      | Reached XP level 7. HP: 16/38 MP: 0/13
  4174 | D:5      | Entered Level 5 of the Dungeon
  4336 | D:5      | Reached skill level 1 in Translocations
  4434 | D:5      | Noticed Eustachio
  4441 | D:5      | Killed Eustachio
  4442 | D:5      | Reached skill level 7 in Air Magic
  4604 | D:4      | Reached skill level 5 in Conjurations
  4604 | D:4      | Reached XP level 8. HP: 40/45 MP: 5/14
  4667 | D:5      | Mangled by an ogre

Illustrated notes

Levels and vault maps discovered:
D:1:      amcnicky_arrival_feature_with_door, layout_basic
D:2:      layout_basic, hellmonk_ecumenical_altar_inner_sanctum,
          serial_bayou_pond_b, uniq_jessica
D:3:      layout_basic, uniq_ijyb
D:4:      layout_rooms, nicolae_ru_sacrificial_ziggurat,
          small_statue_intersection, minmay_small_thing
D:5:      layout_loops_ring, minmay_hedge_maze, sigmund_edmund_badplayer,
          uniq_sigmund, uniq_eustachio, uniq_edmund, uniq_grinder

Skill      XL: |  1  2  3  4  5  6  7 |
---------------+----------------------+-----
Conjurations   | 2 3 4 5 |  5.0
Dodging        | 3 4 |  4.6
Air Magic      | 5 6 7 |  7.2
Spellcasting   | 3 |  3.8
Fighting       | 1 2 |  2.4
Translocations | 1 |  1.4
Stealth        | |  2.0

Action                   |  1- 3 |  4- 6 |  7- 9 || total
-------------------------+-------+-------+-------++-------
Melee: Unarmed           |     5 |       |       ||     5
       Kick              |     7 |     3 |     1 ||    11
       Peck              |     5 |     1 |     1 ||     7
       Short sword       |    15 |    14 |     6 ||    35
 Cast: Shock             |    56 |    90 |    27 ||   173
       Static Discharge  |     1 |    15 |    12 ||    28
  Use: Potion            |       |     1 |       ||     1
 Stab: Sleeping          |       |       |     2 ||     2
Armor: Robe              |     8 |     2 |     4 ||    14
Dodge: Dodged            |    25 |    19 |     7 ||    51

Table legend: (Time is in decaauts)
 A = Elapsed time spent in this place.
 B = Non-inter-level travel time spent in this place.
 C = Inter-level travel time spent in this place.
 D = Time resting spent in this place.
 E = Time spent auto-exploring this place.
 F = Levels seen in this place.
 G = Mean time per level.
                   A        B        C        D        E       F      G
               +--------+--------+--------+--------+--------+-----+--------+
         Total |   4540 |   4486 |     54 |   1080 |   2814 |   5 |  908.0 |
       Dungeon |   4540 |   4486 |     54 |   1080 |   2814 |   5 |  908.0 |
               +--------+--------+--------+--------+--------+-----+--------+

Top non-repeatable levels by time:
     D:1: 1176 daAuts
     D:2: 1072 daAuts
     D:4: 1017 daAuts
     D:3: 862 daAuts
     D:5: 411 daAuts
